[Event "Titled Tuesday Blitz April 25 Early 2023"]
[White "Azarov, Sergei"]
[Black "Gontcharov, Vladislav"]
[WhiteFideId "13501470"]
[BlackFideId "4123492"]
[WhiteElo "2475"]
[BlackElo "2420"]
[Result "1-0"]
[Round "11"]
[TimeControl "180+2"]
[Date "2023.04.25"]
[WhiteClock "0:00:05"]
[BlackClock "0:00:07"]

1. e4 e6 2. d4 d5 3. Nd2 Be7 4. Ngf3 Nf6 5. e5 Nfd7 6. Bd3 c5 7. c3 Nc6 8. O-O g5 9. dxc5 Ndxe5 10. Nxe5 Nxe5 11. Nf3 Nxf3+ 12. Qxf3 Bxc5 13. b4 Be7 14. c4 Bf6 15. Rb1 dxc4 16. Bxc4 Kf8 17. Rd1 Qe7 18. b5 Kg7 19. Ba3 Qc7 20. Rbc1 Qf4 21. Qe2 Qe5 22. Qc2 a6 23. Bd6 Qb2 24. Qe4 axb5 25. Rc2 Qxc2 26. Qxc2 bxc4 27. Bb4 e5 28. Bc3 Be6 29. a4 Rhd8 30. Rb1 Ra7 31. a5 Rd3 32. Re1 Bf5 33. Qb2 Kg6 34. h3 Bc8 35. Bxe5 Bd8 36. Bc3 Ra6 37. Qb1 Bc7 38. Re8 Bf5 39. Rg8+ Kh6 40. Qc1 Rad6 41. Qxg5# 1-0


[Site "https://www.chess.com"]

[Event "Titled Tuesday Blitz April 25 Early 2023"]
[White "Martic, Ivan"]
[Black "Hambleton, Aman"]
[WhiteFideId "929301"]
[BlackFideId "2606577"]
[WhiteElo "2360"]
[BlackElo "2511"]
[Result "1-0"]
[Round "11"]
[TimeControl "180+2"]
[Date "2023.04.25"]
[WhiteClock "0:00:22"]
[BlackClock "0:00:02"]

1. Nf3 d5 2. c4 c6 3. g3 Nf6 4. Bg2 Bf5 5. b3 e6 6. Bb2 h6 7. d3 Bd6 8. O-O O-O 9. Nbd2 Bh7 10. a3 a5 11. Qc2 Nbd7 12. Bc3 Re8 13. b4 axb4 14. axb4 Qe7 15. c5 Bc7 16. e4 e5 17. Rfe1 Rxa1 18. Rxa1 Nf8 19. Nh4 Qd7 20. Nf1 g5 21. Nf3 dxe4 22. dxe4 Bxe4 23. Qb2 Ng6 24. Re1 Bd5 25. Ne3 g4 26. Nxd5 Nxd5 27. Nxe5 Bxe5 28. Bxe5 Qf5 29. Bxd5 Rxe5 30. Rxe5 Qxe5 31. Qxe5 Nxe5 32. Be4 Kg7 33. Kf1 Kf6 34. Ke2 Ke6 35. Ke3 f5 36. Bc2 Nd7 37. Kd4 Kf6 38. Bd1 h5 39. f3 Ne5 40. f4 Ng6 41. Be2 h4 42. b5 Ke6 43. bxc6 bxc6 44. Ba6 Kd7 45. Bd3 Ke6 46. Bc4+ Kd7 47. Bf7 Nxf4 48. gxf4 g3 49. hxg3 hxg3 50. Ke3 g2 51. Kf2 1-0


[Site "https://www.chess.com"]

[Event "Titled Tuesday Blitz April 25 Early 2023"]
[White "Al-Tarboush, Ward"]
[Black "Csonka, Balazs"]
[WhiteFideId "7601450"]
[BlackFideId "742910"]
[WhiteElo "2265"]
[BlackElo "2404"]
[Result "0-1"]
[Round "11"]
[TimeControl "180+2"]
[Date "2023.04.25"]
[WhiteClock "0:00:03"]
[BlackClock "0:00:06"]

1. d4 Nf6 2. Nc3 e6 3. e4 d5 4. e5 Nfd7 5. f4 c5 6. Nf3 Nc6 7. Be3 cxd4 8. Nxd4 Qb6 9. Qd2 Qxb2 10. Rb1 Qa3 11. Ncb5 Qxa2 12. Rb3 Kd8 13. f5 Nc5 14. Ra3 Qb1+ 15. Ke2 Nxd4+ 16. Nxd4 Ne4 17. Qa5+ b6 18. Qa4 Bd7 19. Qa6 Bxa3 20. Qxa3 exf5 21. Kf3 Qd1+ 22. Be2 Qxh1 23. Nb5 Qxh2 24. Bxb6+ axb6 25. Qxa8+ Ke7 26. Qa3+ Nc5 27. Nd4 Qh5+ 28. Ke3 Qg5+ 29. Kf2 Qh4+ 30. Ke3 Qe4+ 31. Kf2 Qxd4+ 32. Kf1 Qxe5 0-1


[Site "https://www.chess.com"]

[Event "Titled Tuesday Blitz April 25 Early 2023"]
[White "Vestby-Ellingsen, Mads"]
[Black "Weetik, Vjacheslav"]
[WhiteFideId "1520857"]
[BlackFideId "4153472"]
[WhiteElo "2246"]
[BlackElo "2469"]
[Result "0-1"]
[Round "11"]
[TimeControl "180+2"]
[Date "2023.04.25"]
[WhiteClock "0:00:03"]
[BlackClock "0:00:10"]

1. d4 Nf6 2. Bf4 d5 3. e3 e6 4. g4 Bd6 5. g5 Ne4 6. h4 c5 7. Nf3 Bxf4 8. exf4 Qb6 9. b3 Nc6 10. c3 O-O 11. dxc5 Qxc5 12. Qc2 f6 13. Bd3 fxg5 14. Nxg5 Rxf4 15. Nxe4 dxe4 16. Bxe4 Qe5 17. Nd2 Nb4 18. cxb4 Qxa1+ 19. Ke2 Qd4 20. f3 Bd7 21. Qd3 Qxd3+ 22. Kxd3 Bb5+ 23. Ke3 Rf7 24. Rc1 Rd8 25. Rc5 Be8 26. Nc4 b6 27. Rg5 Rc7 28. h5 h6 29. Re5 Kf7 30. a4 Kf6 31. f4 Bc6 32. f5 exf5 33. Rxf5+ Ke7 34. Re5+ Kf8 35. Bg6 Re7 36. Rxe7 Kxe7 37. b5 Bd5 38. Ne5 Kd6 39. Nd3 Bxb3 40. Nb4 Bxa4 41. Nc6 Ra8 42. Bd3 a6 43. Nd4 Bxb5 44. Nf5+ Ke5 45. Bc2 Ra7 46. Bb1 a5 47. Nd4 Bd7 48. Nf3+ Kf6 49. Kd4 a4 50. Ne5 Be6 51. Nc6 Ra8 52. Nb4 a3 53. Nc2 a2 54. Bxa2 Rxa2 55. Nb4 Ra4 56. Kc3 Rxb4 57. Kxb4 Kg5 0-1


[Site "https://www.chess.com"]

[Event "Titled Tuesday Blitz April 25 Early 2023"]
[White "Postnikov, Daniil"]
[Black "Starozhilov, Leonid"]
[WhiteFideId "4166329"]
[BlackFideId "14106752"]
[WhiteElo "2261"]
[BlackElo "2352"]
[Result "1-0"]
[Round "11"]
[TimeControl "180+2"]
[Date "2023.04.25"]
[WhiteClock "0:01:25"]
[BlackClock "0:00:16"]

1. e4 Nc6 2. d4 d6 3. Nc3 Nf6 4. f3 e5 5. Nge2 exd4 6. Nxd4 d5 7. Bb5 Bd7 8. exd5 Nxd4 9. Bxd7+ Qxd7 10. Qxd4 b6 11. Bg5 O-O-O 12. O-O-O Bc5 13. Qc4 Qf5 14. Bxf6 gxf6 15. Ne4 Be3+ 16. Kb1 Rhg8 17. d6 c6 18. Qxc6+ Kb8 19. Rd3 Bf4 20. Qc7+ Ka8 21. Ra3 1-0


[Site "https://www.chess.com"]

[Event "Titled Tuesday Blitz April 25 Early 2023"]
[White "Salman, Pavel"]
[Black "Karthik Rajaa"]
[WhiteFideId "24153753"]
[BlackFideId "25035215"]
[WhiteElo "2187"]
[BlackElo "2215"]
[Result "1/2-1/2"]
[Round "11"]
[TimeControl "180+2"]
[Date "2023.04.25"]
[WhiteClock "0:00:20"]
[BlackClock "0:00:11"]

1. d4 Nf6 2. Nc3 d5 3. Bf4 g6 4. Qd2 Bg7 5. O-O-O a6 6. f3 b5 7. e4 b4 8. Nxd5 Nxd5 9. exd5 Qxd5 10. Qxb4 Qxa2 11. Bc4 Nc6 12. Qxe7+ Kxe7 13. Bxa2 Nxd4 14. Bg5+ Ke8 15. c3 Be6 16. Bxe6 Nxe6 17. Bh4 g5 18. Bg3 a5 19. Ne2 a4 20. Kc2 Ke7 21. Ra1 Rhb8 22. Rhd1 Rb5 23. h4 h6 24. h5 f5 25. Bf2 Re5 26. Re1 Kf7 27. Bd4 Rxe2+ 28. Rxe2 Bxd4 29. Rxe6 Kxe6 30. cxd4 Kd5 31. Kd3 Rb8 32. Rxa4 Rxb2 33. Ra5+ Ke6 34. Ra6+ Rb6 35. Ra2 Kf6 36. g4 Rb3+ 37. Ke2 fxg4 38. fxg4 Rg3 39. Ra6+ Kg7 40. Rg6+ Kh7 41. Rc6 Rxg4 42. Rxc7+ Kg8 43. Kd3 Rh4 44. d5 Kf8 45. d6 Ke8 46. Rh7 Rxh5 47. Ke4 g4 48. Kf4 Rh4 49. Kg3 Rh5 50. Kxg4 Rd5 51. Rxh6 Kd7 52. Kf4 Rxd6 53. Rxd6+ Kxd6 1/2-1/2


[Site "https://www.chess.com"]

[Event "Titled Tuesday Blitz April 25 Early 2023"]
[White "Prohaszka, Peter"]
[Black "Shaik Sumer Arsh"]
[WhiteFideId "726265"]
[BlackFideId "45020000"]
[WhiteElo "2626"]
[BlackElo "2350"]
[Result "1-0"]
[Round "11"]
[TimeControl "180+2"]
[Date "2023.04.25"]
[WhiteClock "0:00:05"]
[BlackClock "0:00:03"]

1. d4 Nf6 2. Bf4 d5 3. c3 c5 4. e3 Nc6 5. Nd2 e6 6. Bd3 Bd6 7. Bxd6 Qxd6 8. f4 cxd4 9. cxd4 Bd7 10. a3 O-O 11. Ngf3 Ne7 12. Ne5 a6 13. a4 Nc6 14. O-O Rfc8 15. Rf3 Be8 16. Rh3 g6 17. Qe1 Nb4 18. Qh4 Nxd3 19. Qxf6 Nxe5 20. fxe5 Qb4 21. Nf3 Qxb2 22. Rf1 Rc1 23. Ng5 Rxf1+ 24. Qxf1 h5 25. Rf3 Rc8 26. Rxf7 Rc1 27. Rf8+ Kg7 28. Nxe6+ Kh7 29. Rxe8 Rxf1+ 30. Kxf1 Qa1+ 31. Kf2 Qa2+ 32. Kf3 Qxa4 33. Re7+ Kh6 34. h4 Qd1+ 35. Kf2 Qd2+ 36. Kf3 Qd1+ 37. Kf2 Qg4 38. g3 Qf5+ 39. Kg2 Qc2+ 40. Kf3 Qd1+ 41. Kf2 g5 42. Nxg5 Qd2+ 43. Kf3 Qd1+ 44. Kf4 Qf1+ 45. Nf3 a5 46. Rxb7 a4 47. Rb6+ Kg7 48. Rb7+ Kf8 49. Ra7 Qd1 50. e6 Qb3 51. Ne5 Ke8 52. Nc6 Kf8 53. Ra8+ Kg7 54. e7 Qd1 55. e8=Q Qg4+ 56. Ke5 Qe4+ 57. Kd6 Qxe8 58. Rxe8 1-0


[Site "https://www.chess.com"]

[Event "Titled Tuesday Blitz April 25 Early 2023"]
[White "Santos Flores, Alberto"]
[Black "Girya, Olga"]
[WhiteFideId "3601234"]
[BlackFideId "4195752"]
[WhiteElo "2235"]
[BlackElo "2263"]
[Result "1-0"]
[Round "11"]
[TimeControl "180+2"]
[Date "2023.04.25"]
[WhiteClock "0:00:59"]
[BlackClock "0:00:01"]

1. d4 Nf6 2. Bf4 d5 3. Nc3 c5 4. e3 cxd4 5. exd4 Bg4 6. Nf3 Nc6 7. h3 Bxf3 8. Qxf3 e6 9. O-O-O Bd6 10. g4 Rc8 11. Kb1 a6 12. g5 Bxf4 13. Qxf4 Nh5 14. Qh4 g6 15. Be2 h6 16. f4 hxg5 17. fxg5 Ne7 18. Bg4 Qc7 19. Rhf1 Qg3 20. Qxg3 Nxg3 21. Rf3 Ngf5 22. Ne2 Kd7 23. Ng3 Rc4 24. c3 b5 25. a3 a5 26. Bxf5 exf5 27. Nf1 Rh5 28. Rg3 Rc8 29. Nd2 Rch8 30. Rh1 Kd6 31. Nf3 Nc6 32. Kc2 f4 33. Rg4 Rxh3 34. Rxh3 Rxh3 35. Rxf4 Ke6 36. Rf6+ Kd7 37. Rxf7+ Kd6 38. Rf6+ Kc7 39. Ne5 Rh2+ 40. Kb1 Nxe5 41. dxe5 Re2 42. e6 Kd6 43. Rxg6 Rxe6 44. Rxe6+ Kxe6 45. Kc2 Kf5 46. Kd3 Kxg5 47. Kd4 1-0


[Site "https://www.chess.com"]

[Event "Titled Tuesday Blitz April 25 Early 2023"]
[White "Bryant, John Daniel"]
[Black "Staudenhocker43"]
[WhiteFideId "2031280"]
[WhiteElo "2455"]
[BlackElo "2493"]
[Result "0-1"]
[Round "11"]
[TimeControl "180+2"]
[Date "2023.04.25"]
[WhiteClock "0:00:01"]
[BlackClock "0:00:32"]

1. e4 c5 2. c3 d5 3. exd5 Qxd5 4. d4 g6 5. Nf3 Bg7 6. Na3 cxd4 7. Nb5 Na6 8. Be3 Nf6 9. Bxd4 O-O 10. Be2 Bg4 11. a4 Nc5 12. Nc7 Qe4 13. Bxc5 Rac8 14. O-O Rxc7 15. Bxa7 Rd7 16. Qe1 Qc2 17. Rb1 Qxa4 18. Bd4 Rc7 19. Ne5 Bf5 20. Ra1 Qb3 21. Qc1 Nd5 22. Ra3 Qc2 23. Qxc2 Bxc2 24. Bf3 Nf4 25. g3 Ne6 26. Re1 Nxd4 27. cxd4 Rd8 28. Rc3 Rdc8 29. Bxb7 Rxc3 30. bxc3 Rxc3 31. Nc6 e6 32. d5 exd5 33. Ne7+ Kf8 34. Nxd5 Rc5 35. Ne3 Bb3 36. Bf3 h5 37. Rb1 Be6 38. Kg2 Rc7 39. h4 Bd4 40. Re1 Ra7 41. Re2 Ra5 42. Nc2 Bc5 43. Ne3 Kg7 44. Nc2 Ra2 45. Ne1 Ra3 46. Rc2 Bb4 47. Rc1 Ra2 48. Nd3 Ba5 49. Rd1 Bf5 50. Nf4 Bb6 51. Rf1 Rd2 0-1


[Site "https://www.chess.com"]

[Event "Titled Tuesday Blitz April 25 Early 2023"]
[White "Namitbir Singh Walia"]
[Black "Nikologorskiy, Konstantin"]
[WhiteFideId "35071068"]
[BlackFideId "24111708"]
[WhiteElo "2239"]
[BlackElo "2293"]
[Result "1-0"]
[Round "11"]
[TimeControl "180+2"]
[Date "2023.04.25"]
[WhiteClock "0:00:47"]
[BlackClock "0:00:01"]

1. e4 c5 2. Nf3 d6 3. d4 cxd4 4. Nxd4 Nf6 5. f3 e5 6. Nb3 Be6 7. c4 Nbd7 8. Be3 Be7 9. Nc3 O-O 10. Be2 g6 11. Nd5 Bxd5 12. cxd5 Nh5 13. O-O f5 14. Qd2 f4 15. Bf2 Bh4 16. Bb5 Bxf2+ 17. Qxf2 Nb6 18. Rfc1 Kh8 19. Rc2 Rc8 20. Rac1 Rg8 21. Na5 Qe7 22. Nc4 Nxc4 23. Bxc4 g5 24. Qxa7 g4 25. fxg4 Rxg4 26. Be2 Rxc2 27. Rxc2 Rg8 28. Bxh5 f3 29. Bxf3 Qf6 30. Qe3 Qg7 31. g3 Qe7 32. Kg2 Qf6 33. a4 Qd8 34. b4 Qa8 35. a5 Qd8 36. Rc3 Qd7 37. Be2 Rg6 38. Qc1 Rg8 39. b5 1-0


[Site "https://www.chess.com"]

[Event "Titled Tuesday Blitz April 25 Early 2023"]
[White "Bruedigam, Martin"]
[Black "Bochnicka, Vladimir"]
[WhiteFideId "24608033"]
[BlackFideId "14943450"]
[WhiteElo "2331"]
[BlackElo "2094"]
[Result "1-0"]
[Round "11"]
[TimeControl "180+2"]
[Date "2023.04.25"]
[WhiteClock "0:01:57"]
[BlackClock "0:01:11"]

1. d4 Nf6 2. c4 c5 3. d5 b5 4. cxb5 a6 5. bxa6 g6 6. Nc3 Bg7 7. e4 d6 8. a7 Rxa7 9. Nf3 O-O 10. Be2 Bg4 11. O-O Nbd7 12. a4 Qa5 13. h3 Bxf3 14. Bxf3 Rb8 15. Ra3 Ne5 16. Be2 Nfd7 17. Bb5 Nb6 18. Qe2 Qb4 19. Qc2 Nec4 20. Rb3 Qa5 21. Bxc4 1-0


[Site "https://www.chess.com"]

[Event "Titled Tuesday Blitz April 25 Early 2023"]
[White "Schnaider, Ilan"]
[Black "TartineDeNutella"]
[WhiteFideId "169013"]
[WhiteElo "2224"]
[BlackElo "2629"]
[Result "0-1"]
[Round "11"]
[TimeControl "180+2"]
[Date "2023.04.25"]
[WhiteClock "0:00:02"]
[BlackClock "0:01:08"]

1. e4 e6 2. d4 d5 3. Nd2 Nf6 4. e5 Nfd7 5. Bd3 c5 6. c3 Nc6 7. Ne2 cxd4 8. cxd4 f6 9. exf6 Nxf6 10. Nf3 Bd6 11. O-O O-O 12. Bf4 Bxf4 13. Nxf4 Qd6 14. Ne2 Bd7 15. Re1 Be8 16. Ng3 Bf7 17. Ne5 Rae8 18. Rc1 Kh8 19. Bb5 Rc8 20. Bxc6 bxc6 21. Nd3 Nd7 22. Qg4 Nf6 23. Qh3 Rfe8 24. Ne5 Kg8 25. Ne2 Nd7 26. Nf4 Nxe5 27. dxe5 Qb4 28. Nd3 Qb6 29. Re3 c5 30. Rg3 c4 31. Nf4 Qxb2 32. Re1 Qd2 33. Rge3 c3 34. Nd3 c2 35. Nc1 Bg6 36. Qg3 Rf8 37. h4 Rf5 38. Nb3 Qd1 39. Kh2 Rc4 40. Nc1 Rff4 0-1


[Site "https://www.chess.com"]

[Event "Titled Tuesday Blitz April 25 Early 2023"]
[White "Rosenberg, Evan S"]
[Black "Mouhamad, Joachim"]
[WhiteFideId "2019299"]
[BlackFideId "656410"]
[WhiteElo "2321"]
[BlackElo "2125"]
[Result "1/2-1/2"]
[Round "11"]
[TimeControl "180+2"]
[Date "2023.04.25"]
[WhiteClock "0:01:12"]
[BlackClock "0:00:52"]

1. d4 d5 2. Nf3 e6 3. g3 Nf6 4. Bg2 b6 5. O-O Bb7 6. c4 dxc4 7. Nbd2 c5 8. Nxc4 cxd4 9. Qxd4 Qxd4 10. Nxd4 Bxg2 11. Kxg2 Bc5 12. Nb5 Na6 13. Ncd6+ Ke7 14. Nc4 Rhc8 15. b3 Nc7 16. Nxc7 Rxc7 17. Bf4 Rcc8 18. Rad1 Nd5 19. Be5 f6 20. Bb2 Rd8 21. a3 a5 22. e4 Nc7 23. b4 axb4 24. axb4 Bxb4 25. Nxb6 Ra2 26. Rxd8 Kxd8 27. Nc4 Ke7 28. Rd1 Bc5 29. Ra1 Rxa1 30. Bxa1 1/2-1/2


[Site "https://www.chess.com"]

[Event "Titled Tuesday Blitz April 25 Early 2023"]
[White "Bacrot, Etienne"]
[Black "Chirivi C, Jenny Astrid"]
[WhiteFideId "605506"]
[BlackFideId "4403061"]
[WhiteElo "2663"]
[BlackElo "2001"]
[Result "1-0"]
[Round "11"]
[TimeControl "180+2"]
[Date "2023.04.25"]
[WhiteClock "0:01:28"]
[BlackClock "0:00:52"]

1. e4 c5 2. Nf3 e6 3. b4 b6 4. Bb2 Bb7 5. bxc5 bxc5 6. Nc3 Nc6 7. g3 Nd4 8. Bg2 Nf6 9. O-O Be7 10. e5 Nd5 11. Nxd4 Nxc3 12. Bxc3 Bxg2 13. Kxg2 cxd4 14. Bxd4 O-O 15. Qf3 Qc7 16. c3 Rab8 17. Rab1 Rxb1 18. Rxb1 Rb8 19. Rb3 h6 20. h4 a6 21. h5 Rb5 22. Qa8+ Kh7 23. Qxa6 Ra5 24. Qd3+ g6 25. Qf3 Kg7 26. Bb6 1-0


[Site "https://www.chess.com"]

[Event "Titled Tuesday Blitz April 25 Early 2023"]
[White "Korelskiy, Egor"]
[Black "Spata, German"]
[WhiteFideId "34329064"]
[BlackFideId "113026"]
[WhiteElo "2186"]
[BlackElo "2238"]
[Result "1/2-1/2"]
[Round "11"]
[TimeControl "180+2"]
[Date "2023.04.25"]
[WhiteClock "0:00:16"]
[BlackClock "0:00:08"]

1. e4 g6 2. d4 Bg7 3. Nc3 d6 4. Nge2 a6 5. a4 Nf6 6. h3 b6 7. g4 Bb7 8. Bg2 O-O 9. O-O e5 10. Be3 Nc6 11. Qd2 Re8 12. Rad1 exd4 13. Nxd4 Nxd4 14. Bxd4 Nxe4 15. Bxe4 Bxe4 16. Bxg7 Kxg7 17. Qd4+ Qf6 18. Nxe4 Qxd4 19. Rxd4 c5 20. Rxd6 Rxe4 21. Rxb6 Rxa4 22. Rd1 Rb4 23. Rxb4 cxb4 24. Kf1 a5 25. b3 Rc8 26. Rd2 Rc3 27. Ke2 Rxh3 28. Rd5 Rc3 29. Kd2 Rf3 30. Ke2 Rf4 31. f3 f5 32. Ke3 g5 33. Rxa5 h6 34. Ra7+ Kg6 35. Ra6+ Kg7 36. Ra7+ Kf6 37. Ra6+ Ke5 38. Ra5+ Kd6 39. Ra6+ Ke7 40. gxf5 h5 41. Rh6 h4 42. Rg6 Rxf5 43. Ke4 Rc5 44. f4 gxf4 45. Kxf4 h3 46. Rh6 Rc3 47. Kg4 Rxc2 48. Rxh3 Rc3 49. Rh1 Rxb3 50. Kf4 Rd3 51. Ke4 Rd2 52. Rb1 Re2+ 53. Kd3 Rh2 54. Rxb4 Kd6 55. Rd4+ Kc5 56. Rc4+ Kd5 57. Rd4+ Ke5 58. Re4+ Kf5 59. Re3 Rh1 60. Rf3+ Ke5 61. Re3+ Kd5 62. Ke2 Rh2+ 63. Kd3 Rh1 64. Rf3 Ra1 65. Re3 Ra3+ 66. Ke2 Ra2+ 67. Kf3 Kd4 68. Re4+ Kd5 69. Re3 Rb2 70. Rd3+ Ke5 71. Re3+ Kf5 72. Rd3 Rh2 73. Rd5+ Ke6 74. Ra5 Rh3+ 75. Ke4 Rb3 76. Ra6+ Kd7 77. Ra5 Kc6 78. Kd4 Rb5 79. Rxb5 Kxb5 1/2-1/2


[Site "https://www.chess.com"]

[Event "Titled Tuesday Blitz April 25 Early 2023"]
[White "Garcia Almaguer, Juan Manuel"]
[Black "Kozin, Yuri"]
[WhiteFideId "5110491"]
[BlackFideId "4129920"]
[WhiteElo "2117"]
[BlackElo "2603"]
[Result "0-1"]
[Round "11"]
[TimeControl "180+2"]
[Date "2023.04.25"]
[WhiteClock "0:00:56"]
[BlackClock "0:00:33"]

1. e4 c5 2. Nf3 e6 3. d4 cxd4 4. Nxd4 Nf6 5. Nc3 d6 6. Be2 Be7 7. Be3 O-O 8. Qd2 a6 9. a4 Nc6 10. g4 Qc7 11. g5 Nd7 12. f4 Na5 13. h4 Nc4 14. Bxc4 Qxc4 15. h5 Nc5 16. b3 Qb4 17. O-O Re8 18. Rae1 e5 19. Nf5 Nxe4 20. Nxe7+ Rxe7 21. Nxe4 Qxe4 22. Qxd6 Bh3 23. Rf2 exf4 24. Qxf4 Rae8 25. Kh2 Qxf4+ 26. Bxf4 Rxe1 27. Kxh3 R1e2 28. Rf3 Rxc2 29. h6 Rec8 30. Be5 g6 31. Rd3 Re2 32. Bf6 Rce8 33. Kg4 R2e3 0-1


[Site "https://www.chess.com"]

[Event "Titled Tuesday Blitz April 25 Early 2023"]
[White "Ordekalog"]
[Black "Lenaerts, Lennert"]
[BlackFideId "211435"]
[WhiteElo "2483"]
[BlackElo "2334"]
[Result "1-0"]
[Round "11"]
[TimeControl "180+2"]
[Date "2023.04.25"]
[WhiteClock "0:00:05"]
[BlackClock "0:00:16"]

1. e4 e5 2. Nf3 Nc6 3. Bb5 g6 4. Bxc6 dxc6 5. O-O Bg7 6. d3 c5 7. Na3 Ne7 8. Nc4 Nc6 9. Be3 b6 10. Qd2 O-O 11. Bh6 f6 12. Bxg7 Kxg7 13. c3 Be6 14. Qe3 Qd7 15. Nfd2 Rad8 16. f4 Qxd3 17. Qxd3 Rxd3 18. fxe5 Nxe5 19. Nxe5 fxe5 20. Rxf8 Kxf8 21. Nf3 Kg7 22. Re1 a5 23. a3 Kf6 24. Kf2 Bg4 25. Ke2 c4 26. h3 Bxf3+ 27. gxf3 g5 28. Rh1 h5 29. h4 g4 30. fxg4 hxg4 31. h5 Rh3 32. Rf1+ Ke6 33. Rf5 Rh2+ 34. Kf1 Rxb2 35. Kg1 Rc2 36. h6 Rxc3 37. Rh5 Rd3 38. h7 Rd8 39. h8=Q Rxh8 40. Rxh8 c3 41. Rh6+ Kd7 42. Kf2 b5 43. Ke3 c5 44. Kd3 b4 45. Rg6 a4 46. Kc2 Kc7 47. Rxg4 Kc6 48. Rg5 Kb5 49. Rxe5 Kc4 50. Re8 b3+ 51. Kc1 c2 52. Rc8 Kd4 53. Rc7 c4 54. Kb2 Kd3 55. e5 c1=Q+ 56. Kxc1 c3 57. Rd7+ Kc4 58. e6 b2+ 59. Kc2 1-0


[Site "https://www.chess.com"]

[Event "Titled Tuesday Blitz April 25 Early 2023"]
[White "Skliarov, Viktor"]
[Black "Khamdamova, Afruza"]
[WhiteFideId "14106736"]
[BlackFideId "14210444"]
[WhiteElo "2317"]
[BlackElo "2210"]
[Result "0-1"]
[Round "11"]
[TimeControl "180+2"]
[Date "2023.04.25"]
[WhiteClock "0:00:03"]
[BlackClock "0:01:02"]

1. e4 e5 2. Nc3 Nf6 3. Bc4 Nc6 4. d3 Bc5 5. a3 a5 6. h3 O-O 7. Nge2 h6 8. Ng3 d6 9. O-O Qe7 10. Nh5 Be6 11. Nxf6+ Qxf6 12. Nd5 Qd8 13. c3 Ne7 14. d4 Ba7 15. dxe5 dxe5 16. Qh5 Nxd5 17. exd5 Bxd5 18. Rd1 Bxf2+ 19. Kxf2 Qf6+ 20. Kg1 Bxc4 21. Be3 Rad8 22. Qg4 Be6 23. Qa4 b6 24. Qc6 Qe7 25. b4 axb4 26. axb4 Rxd1+ 27. Rxd1 Rd8 28. Rxd8+ Qxd8 29. Qe4 Qd6 30. Bf2 f5 31. Qe2 Bd5 32. c4 Bb7 33. c5 bxc5 34. Bxc5 Qd5 35. Qf2 f4 36. Kh2 Kh7 37. Qc2+ e4 38. Qf2 e3 39. Qe2 Qe4 40. Kg1 Bd5 41. Kh2 Bc4 42. Qe1 e2 43. Bf2 Bd5 44. Qg1 Qxb4 45. Be1 Qe4 46. Qf2 c5 47. Bd2 c4 48. Be1 Kg6 49. Bd2 Kf5 50. Be1 f3 51. g4+ Kg6 52. Bd2 Qd3 53. Qb6+ Kh7 54. Be1 c3 55. Qd6 c2 56. Qc5 Qd1 57. Bc3 c1=Q 58. Qe7 Qg1# 0-1


[Site "https://www.chess.com"]

[Event "Titled Tuesday Blitz April 25 Early 2023"]
[White "Ibadov, Dashgyn"]
[Black "Shuvalov, Evgenij"]
[WhiteFideId "24107514"]
[BlackFideId "4187237"]
[WhiteElo "2208"]
[BlackElo "2080"]
[Result "1-0"]
[Round "11"]
[TimeControl "180+2"]
[Date "2023.04.25"]
[WhiteClock "0:02:19"]
[BlackClock "0:02:19"]

1. e4 e6 2. d4 d5 3. Nc3 Bb4 4. e5 c5 5. a3 Bxc3+ 6. bxc3 Ne7 7. h4 Qc7 8. Rb1 b6 9. h5 h6 10. Qg4 Kf8 11. dxc5 Qxe5+ 12. Be2 Ba6 13. Qd4 Nbc6 14. Qxe5 Nxe5 15. Bxa6 bxc5 16. Be3 Nd7 17. Rb7 1-0


[Site "https://www.chess.com"]

[Event "Titled Tuesday Blitz April 25 Early 2023"]
[White "Zavortink, Matt"]
[Black "Panesso Rivera, Henry"]
[WhiteFideId "2034263"]
[BlackFideId "4402707"]
[WhiteElo "2474"]
[BlackElo "2345"]
[Result "1-0"]
[Round "11"]
[TimeControl "180+2"]
[Date "2023.04.25"]
[WhiteClock "0:00:17"]
[BlackClock "0:01:42"]

1. c4 e5 2. Nc3 Nf6 3. Nf3 Nc6 4. e4 Bb4 5. d3 h6 6. a3 Bc5 7. Nxe5 Nxe5 8. d4 Bxd4 9. Qxd4 d6 10. Be2 O-O 11. O-O Re8 12. f3 b6 13. b3 a5 14. Bb2 Bb7 15. Nd5 Nxd5 16. cxd5 f6 17. Rac1 Ba6 18. Bxa6 Rxa6 19. Rc2 Ra7 20. Rfc1 Re7 21. Qe3 Nf7 22. Rc4 Rd7 23. Bd4 Rb7 24. a4 Qe7 25. Qc3 Ne5 26. Bxe5 fxe5 27. Qe3 Kh8 28. Rc6 Qf7 29. R1c3 Ra7 30. Qc1 Rb7 31. Qe3 Kh7 32. Qc1 Qe7 33. Qc2 Qf7 34. Qc1 g5 35. Qe3 Kg6 36. Qe2 h5 37. Qa6 Rb8 38. Qa7 Rg8 39. Rxc7 Rxc7 40. Qxc7 Qxc7 41. Rxc7 g4 42. Rc6 gxf3 43. gxf3 Kg5 44. Rxd6 Kh4+ 45. Kf2 Kh3 46. Rh6 h4 47. d6 Rg2+ 48. Ke3 Rg1 49. f4 Re1+ 50. Kf2 Rxe4 51. fxe5 Rxe5 52. d7 Rf5+ 53. Ke3 Rd5 54. Rh7 Kg4 55. Ke4 Rd2 56. Rg7+ Kh5 57. Ke5 Kh6 58. Re7 Kg6 59. Re6+ Kf7 60. Rd6 Re2+ 61. Kd5 1-0


[Site "https://www.chess.com"]

[Event "Titled Tuesday Blitz April 25 Early 2023"]
[White "Turzo, Attila"]
[Black "Vlassov, Nikolai"]
[WhiteFideId "704954"]
[BlackFideId "4103360"]
[WhiteElo "2472"]
[BlackElo "2324"]
[Result "1-0"]
[Round "11"]
[TimeControl "180+2"]
[Date "2023.04.25"]
[WhiteClock "0:00:34"]
[BlackClock "0:00:03"]

1. e4 c5 2. Nc3 g6 3. f4 Bg7 4. Nf3 Nc6 5. Bc4 a6 6. a4 Rb8 7. O-O Nd4 8. d3 b5 9. axb5 axb5 10. Ba2 b4 11. Ne2 Nxf3+ 12. Rxf3 d6 13. f5 Nf6 14. fxg6 hxg6 15. Qe1 Bg4 16. Rf1 Qb6 17. Bc4 Bxe2 18. Qxe2 e6 19. Bf4 Nh5 20. Qf3 Bxb2 21. Ra6 Bd4+ 22. Kh1 Qb7 23. Bxd6 Rd8 24. e5 Rh7 25. h3 Qxf3 26. Rxf3 f5 27. Bxe6 f4 28. g4 Ng7 29. Bc4 g5 30. Ra7 1-0


[Site "https://www.chess.com"]

[Event "Titled Tuesday Blitz April 25 Early 2023"]
[White "Yurasova, Daria"]
[Black "Sliwicka, Alicja"]
[WhiteFideId "34146919"]
[BlackFideId "1150677"]
[WhiteElo "2134"]
[BlackElo "2206"]
[Result "1-0"]
[Round "11"]
[TimeControl "180+2"]
[Date "2023.04.25"]
[WhiteClock "0:00:14"]
[BlackClock "0:00:15"]

1. d4 Nf6 2. Bg5 d6 3. Bxf6 exf6 4. e3 f5 5. g3 Be7 6. Bg2 h5 7. h4 Nc6 8. Nd2 d5 9. Ne2 Be6 10. Nf4 Qd6 11. Nxh5 O-O-O 12. Nxg7 Rdg8 13. Nxe6 fxe6 14. Nf3 Qb4+ 15. Qd2 Qxb2 16. O-O Qa3 17. c4 dxc4 18. Qc2 c3 19. Rfc1 Bb4 20. d5 exd5 21. Qxf5+ Kb8 22. Qxd5 Rd8 23. Qb5 a6 24. Qc4 Na5 25. Qe4 Rhe8 26. Qf4 Rf8 27. Qe4 Rfe8 28. Qc2 Nc4 29. Rab1 Qa5 30. Qb3 Na3 31. Qxb4 Qxb4 32. Rxb4 c2 33. Nd4 c5 34. Rxb7+ Kc8 35. Nxc2 Nb5 36. Rh7 c4 37. Nd4 c3 38. Nxb5 axb5 39. Rxc3+ Kb8 40. Rb7+ 1-0


[Site "https://www.chess.com"]

[Event "Titled Tuesday Blitz April 25 Early 2023"]
[White "Brunner, Nicolas"]
[Black "Jovic, Stanoje"]
[WhiteFideId "620246"]
[BlackFideId "905020"]
[WhiteElo "2327"]
[BlackElo "2236"]
[Result "1-0"]
[Round "11"]
[TimeControl "180+2"]
[Date "2023.04.25"]
[WhiteClock "0:01:36"]
[BlackClock "0:00:09"]

1. Nf3 Nf6 2. g3 b5 3. Bg2 Bb7 4. O-O c5 5. d3 d5 6. c4 bxc4 7. dxc4 d4 8. e3 e5 9. Nxe5 Bxg2 10. Kxg2 Be7 11. Qf3 Nbd7 12. Nc6 Qc8 13. exd4 Bd8 14. Re1+ Kf8 15. d5 h6 16. Nc3 g5 17. h3 Kg7 18. b3 a5 19. Bb2 Nb8 20. Ne4 Nd7 21. Nd6 Qa6 22. g4 a4 23. Ne8+ Rxe8 24. Rxe8 Qb6 25. Rxd8 Rxd8 26. Nxd8 Qxd8 27. bxa4 Qb6 28. Bc3 Qa6 29. Re1 Qxc4 30. Re7 1-0


[Site "https://www.chess.com"]